Unix NetHack Version 5.0.0-0 post-release - last build May 10 2026 23:12:36 (d1fa5d53e341ca933230fdaa984d921c805b60aa,branch:main).

Game began 2026-05-15 20:37:05, ended 2026-05-15 20:49:01.

ArrBianca, lawful female dwarven Archeologist

                    G


                            G

                     ... ....
                    ..%......
                    .)   -.ss-
                          -G@|
                          |<.|
                          ---

ArrBianca the Field Worker  St:9 Dx:13 Co:13 In:16 Wi:14 Ch:10  Lawful
Dlvl:4  $:40 HP:0(31) Pw:5(5) AC:7  Xp:3 T:1397 

Latest messages:
 The iguana bites!
 You miss the iguana.
 You lash the iguana.
 The iguana bites!
 You lash the iguana.
 The iguana bites!
 You lash the iguana.
 The iguana bites!
 You kill the iguana!
 D - a ruby ring.
 The giant bat bites!
 The giant bat bites!
 You miss the giant bat.
 The giant bat bites!
 The giant bat bites!
 You lash the giant bat.
 You see here 10 rocks.
 You kill the giant bat!
 You descend the stairs.
 You climb up the stairs.
 You descend the stairs.
 The cave spider bites!
 You miss the cave spider.
 The cave spider just misses!
 The cave spider bites!
 You miss the cave spider.
 The cave spider bites!
 The cave spider bites!
 You miss the cave spider.
 The cave spider bites!
 The cave spider bites!
 You lash the cave spider.
 The cave spider bites!
 The cave spider bites!
 You miss the cave spider.
 The cave spider bites!
 You miss the cave spider.
 The cave spider bites!
 The cave spider bites!
 You miss the cave spider.
 The cave spider bites!
 The cave spider bites!
 You miss the cave spider.
 The cave spider bites!
 The cave spider bites!
 You miss the cave spider.
 The cave spider misses!
 The cave spider bites!
 You die...
 Do you want an account of creatures vanquished? [ynaq] (y) q

Inventory:
 Coins    ('$')
  $ - 40 gold pieces
 Weapons  (')')
  a - a +2 bullwhip (weapon in right hand)
 Armor    ('[')
  c - an uncursed +0 fedora (being worn)
  z - an uncursed +0 pair of elven boots
  b - an uncursed +2 leather jacket (being worn)
 Comestibles  ('%')
  d - 2 uncursed food rations
  p - an uncursed lembas wafer
  k - 2 uncursed homemade tins of jackal meat
  q - 2 uncursed eggs
  w - a cursed egg
  n - 3 uncursed lichen corpses
 Scrolls  ('?')
  s - an uncursed scroll of blank paper
 Rings    ('=')
  D - an uncursed ring of levitation
 Wands    ('/')
  A - a wand of make invisible (0:6)
 Tools    ('(')
  h - an empty uncursed sack
  x - a cursed brass lantern
  r - an uncursed magic whistle
  e - a +0 pick-axe (alternate weapon; not wielded)
  f - a tinning kit (0:41)
 Gems/Stones  ('*')
  o - an uncursed amethyst stone
  g - an uncursed touchstone

ArrBianca the Archeologist's attributes:

Background:
 You were a Field Worker, a level 3 female dwarven Archeologist.
 You were lawful, nominally on a mission for Quetzalcoatl
 who was opposed by Camaxtli (neutral) and Huhetotl (chaotic).
 You were right-handed.
 You were in the Gnomish Mines, on level 4.
 You entered the dungeon 1397 turns ago.
 You had 61 experience points, 19 more were needed to attain level 4.

Basics:
 You had 0 out of 31 hit points.
 You had all 5 energy points (spell power).
 Your armor class was 7.
 Your wallet contained 40 zorkmids.
 Autopickup was on for '$?!/="+%' plus thrown, with exceptions.

Final Characteristics:
 Your strength was 9 (limit:18/100).
 Your dexterity was 13 (limit:20).
 Your constitution was 13 (limit:20).
 Your intelligence was 16 (limit:16).
 Your wisdom was 14 (limit:16).
 Your charisma was 10 (limit:16).

Final Status:
 You weren't hungry.
 You were unencumbered.
 You were wielding a whip.
 You had basic skill with whip.

Final Attributes:
 You were devoutly aligned.
 You had automatic searching.
 You had infravision.
 You were lucky.
 You are dead.

Miscellaneous:
 You encountered 1 bones level.
 Total elapsed playing time was 11 minutes and 56 seconds.

Major events:
 Turn
    1: ArrBianca the lawful female dwarven Archeologist entered the dungeon
  675: entered the Gnomish Mines
 1143: attained the rank of Field Worker (level 3)
 1397: killed by a cave spider

You didn't know any spells.

Skills:
 Fighting Skills
   bare handed combat [Unskilled]
   two weapon combat  [Unskilled]
   riding             [Unskilled]
 Weapon Skills
   dagger             [Unskilled]
   knife              [Unskilled]
   pick-axe           [Basic]
   short sword        [Unskilled]
   saber              [Unskilled]
   club               [Unskilled]
   quarterstaff       [Unskilled]
   sling              [Unskilled]
   dart               [Unskilled]
   boomerang          [Unskilled]
   whip               [Basic]
   unicorn horn       [Unskilled]
 Spellcasting Skills
   attack spells      [Unskilled]
   healing spells     [Unskilled]
   divination spells  [Unskilled]
   matter spells      [Unskilled]

Voluntary challenges:
 Character rerolling was not enabled.
 You were vegetarian.
 You were an atheist.
 You never had a pet.
 You never genocided any monsters.
 You never polymorphed an object.
 You never changed form.
 You used no wishes.
Achievements:
 You entered the Gnomish Mines.
 You attained the rank of Field Worker.

 The Dungeons of Doom: levels 1 to 2
    Level 1:
    Level 2:
       Stairs down to The Gnomish Mines.
 The Gnomish Mines: levels 3 to 4
    Level 3:
    Level 4: <- You were here.
       Final resting place for
          you, killed by a cave spider,
          Lanfaedhe-Kni-Hum-Fem-Law, killed by an aklys.


Vanquished creatures:
  a giant bat
 an iguana
  2 acid blobs
  a giant rat
  a yellow mold
  a gecko
  4 jackals
  a kobold
  a goblin
  a sewer rat
  6 grid bugs
  4 lichens
  a kobold zombie
  6 newts
31 creatures vanquished.

No species were genocided or became extinct.

Game over:
                       ----------
                      /          \
                     /    REST    \
                    /      IN      \
                   /     PEACE      \
                  /                  \
                  |    ArrBianca     |
                  |      40 Au       |
                  | killed by a cave |
                  |      spider      |
                  |                  |
                  |                  |
                  |       2026       |
                 *|     *  *  *      | *
        _________)/\\_//(\/(/\)/\//\/|_)_______

Goodbye ArrBianca the Archeologist...

You died in The Gnomish Mines on dungeon level 4 with 430 points,
and 40 pieces of gold, after 1397 moves.
You were level 3 with a maximum of 31 hit points when you died.

